 Dungeon Crawl Stone Soup version 0.20.1-1-g8b1a95d (webtiles) character file.

178 karf the Conjurer (level 5, -6/28 HPs)
             Began as a Tengu Conjurer on Oct 27, 2017.
             Killed from afar by an orc wizard (7 damage)
             ... with a magic dart
             ... on level 4 of the Dungeon.
             The game lasted 00:13:35 (3406 turns).

karf the Conjurer (Tengu Conjurer)                  Turns: 3406, Time: 00:13:36

Health: -6/28      AC:  2    Str:  8    XL:     5   Next: 58%
Magic:  9/10       EV: 13    Int: 16    God:
Gold:   210        SH:  3    Dex: 15    Spells: 8/9 levels left

rFire    . . .     SeeInvis .   i - +1 short sword (venom)
rCold    . . .     Gourm    .   o - +0 buckler
rNeg     . . .     Faith    .   a - +0 robe
rPois    .         Spirit   .   (helmet restricted)
rElec    .         Reflect  .   (no cloak)
rCorr    .         Harm     .   (no gloves)
MR       .....                  (boots unavailable)
Stlth    ++........             (no amulet)
Regen    0.1/turn               (no ring)
MPRegen  0.2/turn               (no ring)

@: no status effects
A: beak, talons 3, able to fly 1
a: Fly


You were on level 4 of the Dungeon.
You were hungry.

You visited 1 branch of the dungeon, and saw 4 of its levels.

You collected 210 gold pieces.

Inventory:

Hand Weapons
 i - a +1 short sword of venom (weapon)
Armour
 a - a +0 robe (worn)
 o - a +0 buckler (worn)
Wands
 r - a wand of digging (13/24)
Scrolls
 e - a scroll of blinking {unknown}
 f - 3 scrolls of amnesia
 j - a scroll of identify
 l - a scroll of fog {unknown}
 m - a scroll of enchant weapon {unknown}
 p - a scroll of enchant armour {unknown}
 q - a scroll of remove curse
 u - 2 scrolls of noise {unknown}
Potions
 d - 2 potions of brilliance
 k - a potion of invisibility {unknown}
 n - 3 potions of lignification {unknown}
 s - a potion of flight {unknown}
 t - 2 potions of might {unknown}
Books
 b - a book of Conjurations

   Spells                             Type                      Level
   a - Magic Dart                     Conjuration                  1
   b - Searing Ray                    Conjuration                  2
   c - Dazzling Spray                 Conjuration/Hexes            3
   d - Fulminant Prism                Conjuration/Hexes            4
   e - Force Lance                    Conjuration/Translocation    4
   f - Iskenderun's Mystic Blast      Conjuration                  4
Comestibles
 c - a bread ration
 g - a fruit


   Skills:
 + Level 3.4 Dodging
 + Level 3.2 Stealth
 + Level 2.7 Spellcasting
 * Level 6.9 Conjurations


You had 8 spell levels left.
You knew the following spells:

 Your Spells              Type           Power        Failure   Level  Hunger
a - Magic Dart            Conj           ###.         1%          1    #......


Dungeon Overview and Level Annotations

Branches:
Dungeon (4/15)
 Temple: D:4-7

Altars:
Gozag
Makhleb
Qazlal
Zin

Shops:
D:4 =

Annotations:
D:3 karf's ghost, amateur MiFi


Innate Abilities, Weirdness & Mutations

You have a beak for a mouth.
You have claws for feet.
You can fly.


Message History

The orc wizard flickers and vanishes!
Deactivating autopickup; reactivate with Ctrl-A.
The orc wizard mumbles some strange words.
The orc wizard blinks!
It was a potion of curing.
You feel better. The orc wizard casts a spell at you. The magic dart hits you!
* * * LOW HITPOINT WARNING * * *
You block something's attack. You block the orc wizard's attack.
You hear some strange, mumbled words.
Something tries to affect you, but you resist.
You hear a shout!
The orc wizard casts a spell at you. You resist with some effort.
You feel yourself speed up.
The orc wizard gestures at you while chanting.
You resist with some effort. The orc wizard casts a spell at you.
The magic dart hits you!
You die... # .....#...........∩..# # # ....##............## ## #.#.#.# #..........## .## .....###.........## #.## ....##..##.......# ##.###...#.##.####..###.# ##.....##...## #ooo#

#.# #.######..##
##.#.# #.#
#..###...#####@###o#
#..
##..##....###..## o#
#. ##...#.........##
.# #.............##
o# #...........###
o# ##..........# ..
######.....# .>
###....# #####.#


You could see 2 orc wizards and an orc.

Vanquished Creatures
  An ogre (D:4)
  3 adders (D:3)
  A gnoll (D:1)
  An adder skeleton (D:4)
  6 leopard geckos
  3 orcs (D:3)
  9 bats
  4 giant cockroaches
  5 goblins
  4 hobgoblins
  4 jackals (D:2)
  4 frilled lizards
  A kobold (D:2)
  8 rats
54 creatures vanquished.

Notes
Turn   | Place    | Note
-------+----------+-------------------------------------------
     0 | D:1      | karf the Tengu Conjurer began the quest for the Orb.
     0 | D:1      | Reached XP level 1. HP: 10/10 MP: 4/4
   204 | D:1      | Reached XP level 2. HP: 15/15 MP: 4/6
   415 | D:1      | Reached XP level 3. HP: 19/19 MP: 4/7
  1158 | D:2      | Reached skill level 6 in Conjurations
  1403 | D:2      | Found a stormy altar of Qazlal.
  1476 | D:2      | Found a glowing silver altar of Zin.
  1688 | D:2      | Found a burning altar of Makhleb.
  1789 | D:3      | Noticed karf's ghost (amateur MiFi)
  2036 | D:3      | Reached XP level 4. HP: 14/24 MP: 3/8
  2497 | D:3      | Found an opulent altar of Gozag.
  3322 | D:4      | Found Myory Bosie's Jewellery Emporium.
  3327 | D:4      | Noticed an ogre
  3367 | D:4      | Killed an ogre
  3367 | D:4      | Gained mutation: You can fly. [Tengu growth]
  3367 | D:4      | Reached XP level 5. HP: 28/28 MP: 8/10
  3402 | D:4      | HP: 1/28 [orc wizard/puff of flame (8)]
  3406 | D:4      | Killed from afar by an orc wizard

Skill      XL: |  1  2  3  4 |
---------------+-------------+-----
Conjurations   | 6 |  6.9
Dodging        | 3 |  3.4
Stealth        | 3 |  3.2
Spellcasting   | |  2.7

Action                   |  1- 3 |  4- 6 || total
-------------------------+-------+-------++-------
Melee: Short sword       |    14 |     8 ||    22
       Kick              |     4 |     4 ||     8
       Peck              |       |     2 ||     2
 Cast: Magic Dart        |    69 |    43 ||   112
  Use: Scroll            |       |     3 ||     3
       Potion            |       |     1 ||     1
  Eat: Chunk             |     3 |       ||     3
       Bread ration      |       |     1 ||     1
       Fruit             |       |     1 ||     1
Armor: Robe              |     3 |       ||     3
Dodge: Dodged            |    20 |     9 ||    29
Block: Buckler           |       |     6 ||     6
